 Dungeon Crawl Stone Soup version 0.24.0-125-gc4c63601f3 (webtiles) character file.

Game seed: 3602950454696854911, levelgen mode: deterministic

262 Frank2 the Cudgeler (level 5, -3/39 HPs)
             Began as a Demonspawn Gladiator on Mar 12, 2020.
             Killed by divine providence
             ... invoked by an orc priest
              (16 damage)
             ... on level 4 of the Dungeon.
             The game lasted 00:04:07 (2910 turns).

Frank2 the Cudgeler (Demonspawn Gladiator)          Turns: 2910, Time: 00:04:08

Health: -3/39      AC:  8    Str: 14    XL:     5   Next: 97%
Magic:  5/5        EV: 16    Int:  9    God:
Gold:   167        SH:  0    Dex: 21    Spells: 4/4 levels left

rFire    . . .     SeeInvis .   a - +0 flail
rCold    . . .     Gourm    .   (no shield)
rNeg     . . .     Faith    .   l - +0 scale mail
rPois    .         Spirit   .   c - +1 helmet
rElec    .         Reflect  .   (no cloak)
rCorr    .         Harm     +   (no gloves)
MR       .....                  (no boots)
Stlth    +++.......             e - amulet of harm
HPRegen  0.13/turn              (no ring)
MPRegen  0.09/turn              (no ring)

@: agile
A: nightstalker 2, powered by pain 1
a: no special abilities


You were on level 4 of the Dungeon.
You were hungry.

You visited 1 branch of the dungeon, and saw 4 of its levels.

You collected 167 gold pieces.

Inventory:

Hand Weapons
 a - a +0 flail (weapon)
Missiles
 d - 3 throwing nets (quivered)
Armour
 c - a +1 helmet (worn)
 l - a +0 scale mail (worn)
Jewellery
 e - an amulet of harm (around neck)
Scrolls
 k - a scroll of remove curse
Potions
 g - a potion of lignification {unknown}
 h - a potion of curing {unknown}
 i - a potion of brilliance {unknown}
 j - a potion of ambrosia {unknown}
 m - a potion of flight {unknown}
Comestibles
 f - 11 rations


   Skills:
 + Level 2.7 Fighting
 + Level 4.5 Maces & Flails
 - Level 1.7 Throwing
 + Level 2.1 Armour
 + Level 3.8 Dodging


You had 4 spell levels left.
You didn't know any spells.
Your spell library was empty.

Dungeon Overview and Level Annotations

Branches:
Dungeon (4/15)
 Temple: D:4-7

Altars:
Nemelex Xobeh


Innate Abilities, Weirdness & Mutations

You are significantly more attuned to the shadows.
You sometimes gain a little power by taking damage.


Message History

a +0 ring mail; a +0 club; an orc corpse You see here a jackal corpse.
An orc priest comes into view. It is wielding a +0 flail.
You see here a jackal corpse.
The orc priest mumbles some strange prayers to Beogh against you.
Beogh smites you!
You hear a shout!
There is a stone staircase leading up here.
The orc priest miscasts a cantrip.
You see here a jackal corpse.
An orc comes into view. It is wielding a +0 hand axe.
The orc priest mumbles some strange prayers to Beogh against you.
Beogh smites you!
You focus on the pain.
You feel agile all of a sudden.
The orc enters a dispersal trap!
The orc blinks! x2; The orc priest blinks!
You blink.
The orc shouts!
The orc priest mumbles some strange prayers to Beogh against you.
Beogh smites you!
You die...

############
#..........#
#..........#
#..........#
#...[..†...#
#[..†@<....#
#.....†oo..###
#.............
#....o......##
...o..[§...?#
#....§.....#
####.§#####
#...# #.o..


You could see an orc priest and 3 orcs.

Vanquished Creatures
  2 orc wizards (D:3)
  Jessica (D:3)
  2 worker ants (D:4)
  3 adders (D:3)
  An ooze (D:2)
  An adder skeleton (D:4)
  A worm (D:3)
  2 dart slugs
  9 leopard geckos
  8 orcs
  3 giant cockroaches
  8 goblins
  2 hobgoblins
  7 jackals
  10 kobolds
  A quokka (D:2)
  A ball python (D:2)
  9 bats
  2 frilled lizards
  2 rats (D:1)
75 creatures vanquished.

Notes
Turn   | Place    | Note
-------+----------+-------------------------------------------
     0 | D:1      | Frank2 the Demonspawn Gladiator began the quest for the
                  | Orb.
     0 | D:1      | Reached XP level 1. HP: 16/16 MP: 1/1
   370 | D:1      | Gained mutation: You sometimes gain a little power by
                  | taking damage. [demonic ancestry]
   370 | D:1      | Reached XP level 2. HP: 18/22 MP: 2/2
   390 | D:1      | Reached skill level 3 in Maces & Flails
   517 | D:1      | HP: 1/22 [bat (1)]
   664 | D:1      | Reached XP level 3. HP: 27/27 MP: 3/3
  1114 | D:2      | Reached skill level 1 in Armour
  1322 | D:2      | Found a sparkling altar of Nemelex Xobeh.
  1649 | D:3      | Gained mutation: You are slightly more attuned to the
                  | shadows. [demonic ancestry]
  1649 | D:3      | Reached XP level 4. HP: 30/33 MP: 4/4
  1697 | D:3      | Reached skill level 4 in Maces & Flails
  1697 | D:3      | Gained mutation: You are significantly more attuned to the
                  | shadows. [demonic ancestry]
  1697 | D:3      | Reached XP level 5. HP: 12/39 MP: 5/5
  2038 | D:3      | Noticed Jessica
  2041 | D:3      | Killed Jessica
  2910 | D:4      | Killed from afar by an orc priest

Levels and vault maps discovered:
D:1:      dpeg_arrival_arbitrary_a, layout_basic
D:2:      minmay_spotlight, layout_loops_ring, first_ration,
          minmay_misc_feat_plants, nemelex_dance_club_becter
D:3:      layout_basic, wander_ebering_terrifying_dragon_lair, uniq_jessica
D:4:      layout_rooms, st_stairs_9

Skill      XL: |  1  2  3  4  5 |
---------------+----------------+-----
Dodging        | 3 |  3.8
Maces & Flails | 3 4 |  4.5
Armour         | 1 2 |  2.1
Fighting       | |  2.7
Throwing       | |  1.7

Action                   |  1- 3 |  4- 6 || total
-------------------------+-------+-------++-------
Melee: Flail             |   131 |   114 ||   245
  Use: Potion            |     1 |       ||     1
       Scroll            |     8 |     1 ||     9
 Stab: Sleeping          |       |     3 ||     3
  Eat: Chunk             |     3 |     3 ||     6
Armor: Leather armour    |    31 |       ||    31
       Ring mail         |    31 |    10 ||    41
       Scale mail        |       |    37 ||    37
Dodge: Dodged            |   143 |    85 ||   228
